 Dungeon Crawl Stone Soup version 0.23-a0-49-gd9f7a49668 (webtiles) character file.

413 Htamos the Cudgeler (level 6, -3/40 HPs)
             Began as a Gargoyle Fighter on Aug 7, 2018.
             Was a Follower of Okawaru.
             Killed from afar by an orc wizard (8 damage)
             ... with a magic dart
             ... on level 4 of the Dungeon.
             The game lasted 00:03:33 (3710 turns).

Htamos the Cudgeler (Gargoyle Fighter)              Turns: 3710, Time: 00:03:33

Health: -3/40      AC: 11    Str: 22    XL:     6   Next: 91%
Magic:  6/6        EV:  7    Int:  8    God:    Okawaru [*.....]
Gold:   220        SH:  0    Dex:  9    Spells: 5/5 levels left

rFire    . . .     SeeInvis .   a - +0 flail
rCold    . . .     Gourm    .   k - +0 shield
rNeg     + . .     Faith    .   b - +0 scale mail
rPois    ∞         Spirit   .   (no helmet)
rElec    +         Reflect  .   (no cloak)
rCorr    .         Harm     .   (no gloves)
MR       .....                  (no boots)
Stlth    ..........             (no amulet)
HPRegen  0.13/turn              (no ring)
MPRegen  0.10/turn              (no ring)

@: confused
A: negative energy resistance 1, electricity resistance, unbreathing,
petrification resistance, rot immunity, AC +4
a: Heroism, Renounce Religion


You were on level 4 of the Dungeon.
You worshipped Okawaru.
Okawaru was aware of your devotion.
You were hungry.

You visited 1 branch of the dungeon, and saw 4 of its levels.

You collected 220 gold pieces.

Inventory:

Hand Weapons
 a - a +0 flail (weapon)
Armour
 b - a +0 scale mail (worn)
 c - a +0 shield
 k - a +0 shield (worn)
Scrolls
 e - 2 scrolls of remove curse {unknown}
 g - 3 scrolls of teleportation {unknown}
 h - 7 scrolls of identify {unknown}
 i - 2 scrolls of magic mapping {unknown}
 n - a scroll of fear {unknown}
 o - a scroll of enchant armour {unknown}
 q - a scroll of blinking {unknown}
Potions
 j - a potion of cancellation {unknown}
 p - a potion of mutation {unknown}
 r - a potion of flight {unknown}
Comestibles
 f - 9 rations


   Skills:
 + Level 4.9 Fighting
 * Level 5.2 Maces & Flails
 - Level 3.2 Armour
 + Level 5.0 Shields


You had 5 spell levels left.
You didn't know any spells.
Your spell library was empty.

Dungeon Overview and Level Annotations

Branches:
Dungeon (4/15)
 Temple: D:4-7

Altars:
Kikubaaqudgha
Okawaru


Innate Abilities, Weirdness & Mutations

You are resistant to torment.
Your stone body is resilient. (AC +4)
You are immune to poison.
You resist negative energy. (rN+)
You are resistant to electric shocks. (rElec)
You can survive without breathing.
You are immune to petrification.
You are immune to rotting.


Message History

You hear some strange, mumbled words.
A magic dart appears from out of thin air!
The magic dart hits you!
You miss something. Something hits you.
* * * LOW HITPOINT WARNING * * *
Your shield and scale mail prevent you from hitting something.
You hear some strange, mumbled words.
You are confused.
You hear some strange, mumbled words.
A puff of flame appears from out of thin air!
The puff of flame hits you!
* * * LOW HITPOINT WARNING * * *
You hear some strange, mumbled words.
A magic dart appears from out of thin air!
The magic dart hits you! Something hits you.
* * * LOW HITPOINT WARNING * * *
A magic dart appears from out of thin air!
The magic dart hits you!
You die...

####+####
#.......#
#.#=..#.#
#...).@.#
#...<...#
#.......#
#.#...#.#
#.......#
####+####


There were no monsters in sight!

Vanquished Creatures
  A phantom (D:3)
  An ogre (D:3)
  A jelly (D:2)
  2 orc priests
  A worker ant (D:3)
  4 adders
  2 oozes
  2 worms (D:2)
  3 leopard geckos
  4 orcs (D:3)
  5 giant cockroaches
  5 goblins
  10 hobgoblins
  5 jackals
  9 kobolds
  A quokka (D:3)
  9 bats
  3 frilled lizards
  3 rats (D:1)
  3 rat zombies (D:2)
74 creatures vanquished.

Notes
Turn   | Place    | Note
-------+----------+-------------------------------------------
     0 | D:1      | Htamos the Gargoyle Fighter began the quest for the Orb.
     0 | D:1      | Reached XP level 1. HP: 14/14 MP: 1/1
   228 | D:1      | Reached XP level 2. HP: 15/19 MP: 2/2
   527 | D:1      | Reached XP level 3. HP: 23/23 MP: 3/3
  1481 | D:2      | Reached XP level 4. HP: 9/29 MP: 4/4
  1710 | D:2      | Found an iron altar of Okawaru.
  1744 | D:2      | Became a worshipper of Warmaster Okawaru
  1867 | D:2      | Found an ancient bone altar of Kikubaaqudgha.
  2268 | D:2      | Reached XP level 5. HP: 27/33 MP: 5/5
  3382 | D:4      | Noticed a phantom
  3382 | D:4      | Noticed an ogre
  3387 | D:3      | Killed an ogre
  3387 | D:3      | Reached XP level 6. HP: 39/39 MP: 6/6
  3507 | D:3      | Killed a phantom
  3507 | D:3      | Reached * piety under Okawaru
  3507 | D:3      | Reached skill level 5 in Maces & Flails
  3685 | D:4      | Reached skill level 5 in Shields
  3710 | D:4      | Killed from afar by an orc wizard

Vault maps used:
D:1:      lemuel_arrival_cross, hangedman_decor_growths, minmay_pentomino_t4
D:2:      lemuel_zombie_altar_kikubaaqudgha, okawaru_ov_weapons_minmay
D:3:      first_ration
D:4:      serial_shops, nicolae_shop_stone, shop_scrolls, kennysheep_mini,
          nicolae_shop_waterfront, shop, kennysheep_small_square

Skill      XL: |  1  2  3  4  5  6 |
---------------+-------------------+-----
Maces & Flails | 3 4 5 |  5.2
Fighting       | 4 |  4.9
Shields        | 4 5 |  5.0
Armour         | |  3.2

Action                   |  1- 3 |  4- 6 || total
-------------------------+-------+-------++-------
Melee: Flail             |   162 |   183 ||   345
  Use: Potion            |       |     3 ||     3
  Eat: Chunk             |     2 |     7 ||     9
Armor: Scale mail        |    94 |    91 ||   185
Dodge: Dodged            |    61 |    51 ||   112
Block: Shield            |    71 |    90 ||   161

Table legend:
 A = Spawn XP
 B = Non-spawn XP
 C = Spawn XP percentage of total XP
 D = Spawn monster count
 E = Non-spawn monster count
 F = Spawn count percentage of total count
 G = Total turns spent on level
                    A         B        C        D         E        F      G
               +---------+---------+-------+---------+---------+-------+---------
         Total |       0 |     591 |   0.0 |       0 |      74 |   0.0 |  3710
               +---------+---------+-------+---------+---------+-------+---------
           D:1 |       0 |      55 |   0.0 |       0 |      30 |   0.0 |  1377
           D:2 |       0 |     117 |   0.0 |       0 |      20 |   0.0 |  1072
           D:3 |       0 |     378 |   0.0 |       0 |      23 |   0.0 |  1227
           D:4 |       0 |      41 |   0.0 |       0 |       1 |   0.0 |    34
               +---------+---------+-------+---------+---------+-------+---------
